 Dungeon Crawl Stone Soup version 0.17-a0-1184-gb75be8f (webtiles) character file.

141 Zwobot the Slasher (level 5, 0/41 HPs)
             Began as a Centaur Gladiator on June 1, 2015.
             Succumbed to poison (a potion of poison)
             ... on level 3 of the Dungeon.
             The game lasted 00:06:52 (2797 turns).

Zwobot the Slasher (Centaur Gladiator)              Turns: 2797, Time: 00:06:52

Health: 0/41       AC:  8    Str: 19    XL:     5   Next: 3%
Magic:  5/5        EV:  6    Int:  8    God:
Gold:   143        SH:  0    Dex: 14    Spells: 0 memorised, 4 levels left

rFire  . . .     SeeInvis .     a - +2 long sword
rCold  . . .     Clarity  .     w - +0 chain mail
rNeg   . . .     SustAt   .     (no shield)
rPois  .         Gourm    .     c - +0 helmet
rElec  .         Spirit   .     (no cloak)
rCorr  .         Warding  .     (no gloves)
rMut   .         Stasis   .     (no barding)
MR     .....                    r - amulet of inaccuracy (curse)
Stlth  ..........               (no ring)
                                j - +4 ring of dexterity

@: lethally poisoned (0 -> -10), very quick, not resistant to hostile
enchantments, extremely unstealthy
A: hooves 3, blurry vision 1, deformed body, speed 2, regeneration 1, strong 1,
tough skin 3
a: no special abilities


You were on level 3 of the Dungeon.
You were not hungry.

You visited 1 branch of the dungeon, and saw 3 of its levels.

You collected 143 gold pieces.

Inventory:

Hand weapons
 a - a +2 long sword (weapon)
 v - a +0 trident
Missiles
 d - 3 throwing nets (quivered)
 g - 129 stones
 h - 10 poisoned needles
Armour
 b - a +0 leather armour
 c - a +0 helmet (worn)
 q - a +0 ring mail
 t - a +0 helmet
 u - a +0 scale mail
 w - a +0 chain mail (worn)
Jewellery
 j - a +4 ring of dexterity (left hand)
 r - a cursed amulet of inaccuracy (around neck)
Magical devices
 e - a wand of fire (5)
Potions
 i - a potion of degeneration
 k - a potion of might
 l - 2 potions of flight
 n - 2 potions of brilliance
Comestibles
 f - 2 meat rations
 m - a slice of pizza
 s - 2 chunks of flesh


   Skills:
 - Level 2.0 Fighting
 + Level 5.2 Long Blades
 - Level 2.6 Throwing
 - Level 2.1 Dodging


You had 4 spell levels left.
You didn't know any spells.

Dungeon Overview and Level Annotations

Branches:
Dungeon (3/15)

Altars:
Elyvilon


Innate Abilities, Weirdness & Mutations

You have hooves in place of feet.
Armour fits poorly on your strangely shaped body.
You cover ground very quickly.
You have extremely tough skin (AC +3).
Scrolls take you a little longer to read.
Your natural rate of healing is unusually fast.
Your muscles are strong. (Str +2)


Message History

Okay, then.
* * * LOW HITPOINT WARNING * * *
You feel sick.
* * * LOW HITPOINT WARNING * * *
You feel sick.
* * * LOW HITPOINT WARNING * * *
You feel sick.
* * * LOW HITPOINT WARNING * * *
You feel sick.
* * * LOW HITPOINT WARNING * * *
You feel sick.
* * * LOW HITPOINT WARNING * * *
You feel sick.
* * * LOW HITPOINT WARNING * * *
You feel sick.
* * * LOW HITPOINT WARNING * * *
You feel sick.
* * * LOW HITPOINT WARNING * * *
You feel sick.
You die...

#..#
#.#
#..#
#.#
#..#
#.#
#..#
#.#
...#
#.#
#.#
#.#
#.#
#@#
#.#
#.#
..#
###


There were no monsters in sight!

Vanquished Creatures
  Jessica (D:3)
  Terence (D:3)
  Robin (D:3)
  An adder (D:2)
  2 worms
  An orc (D:3)
  8 bats
  14 goblins
  6 hobgoblins
  2 quokkas (D:3)
  A ball python (D:3)
  3 giant cockroaches
  A giant gecko (D:1)
  A giant newt (D:1)
  11 kobolds
  12 rats
66 creatures vanquished.

Notes
Turn   | Place    | Note
--------------------------------------------------------------
     0 | D:1      | Zwobot the Centaur Gladiator began the quest for the Orb.
     0 | D:1      | Reached XP level 1. HP: 17/17 MP: 1/1
    92 | D:1      | Reached skill level 3 in Long Blades
   160 | D:1      | Reached XP level 2. HP: 24/24 MP: 2/2
   914 | D:2      | Reached XP level 3. HP: 22/29 MP: 3/3
  1094 | D:2      | Found a white marble altar of Elyvilon.
  1115 | D:2      | Reached skill level 4 in Long Blades
  1768 | D:3      | Noticed Jessica
  1774 | D:3      | Killed Jessica
  1774 | D:3      | Reached XP level 4. HP: 36/36 MP: 4/4
  1956 | D:3      | Noticed Robin
  2038 | D:3      | Killed Robin
  2530 | D:3      | Reached skill level 5 in Long Blades
  2720 | D:3      | Noticed Terence
  2733 | D:3      | Killed Terence
  2733 | D:3      | Reached XP level 5. HP: 31/41 MP: 5/5
  2781 | D:3      | Gained mutation: Scrolls take you a little longer to read. [potion of mutation]
  2781 | D:3      | Gained mutation: Your natural rate of healing is unusually fast. [potion of mutation]
  2781 | D:3      | Gained mutation: Your muscles are strong. (Str +2) [potion of mutation]
  2795 | D:3      | HP: 2/41 [poison (a potion of poison)]
  2797 | D:3      | Succumbed to poison (a potion of poison)

Vault maps used:
D:1:      mrwooster_arrival_arrow, roderic_roman_lattice
D:2:      lemuel_round_altar
D:3:      uniq_terence, uniq_robin, uniq_jessica

Action                   |  1- 3 |  4- 6 || total
-------------------------+-------+-------++-------
Melee: Long sword        |   115 |    74 ||   189
Throw: Throwing net      |     5 |       ||     5
       Stone             |     2 |       ||     2
  Use: Scroll            |     5 |     3 ||     8
       Potion            |       |     2 ||     2
 Stab: Held in net/web   |     1 |       ||     1
  Eat: Chunk             |     2 |     1 ||     3
       Bread ration      |       |     1 ||     1
